Map: Pillars of Gold LE

Players

호동이이쁘지

  • Race: Zerg Zerg
  • League: Platinum
  • Spawn Location: 7:00

Aiuranian - Winner!

  • Race: Protoss Protoss
  • League: Platinum
  • Spawn Location: 1:00

VOD

Have the link to the VOD?

Description

Time

  • Played on: Oct. 13, 2020, 12:49 a.m.
  • Length: 18:31
Show
View Real Time Build Order
Export as new Build Order

호동이이쁘지 Zerg 

Build Orders: Pool First 

Get SALT Encoding   

  12  0:00  Drone  
  13  0:08  Drone  
  14  0:27  Spawning Pool  
  13  0:30  Drone  
  14  0:40  Extractor x2, Drone  
  13  0:43  Drone  
  13  0:49  Overlord  
  16  1:14  Zergling x6  
  19  1:49  Hatchery  
  18  1:57  Drone  
  18  1:58  Drone x2  
  21  2:09  Hatchery  
  21  2:11  Overlord  
  21  2:14  Queen  
  22  2:16  Extractor  
  21  2:27  Drone  
  22  2:34  Drone  
  23  2:40  Drone  
  24  2:51  Drone  
  24  2:52  Queen  
  27  3:01  Queen  
  27  3:02  Drone  
  30  3:07  Drone  
  31  3:16  Drone x2  
  31  3:19  Spore Crawler  
  32  3:30  Drone  
  32  3:33  Queen  
  35  3:37  Queen  
  38  3:52  Drone x4  
  38  3:53  Drone, Roach Warren  
  42  3:57  Overlord  
  42  4:09  Extractor  
  41  4:13  Extractor  
  41  4:14  Queen  
  41  4:16  Overlord  
  42  4:27  Overlord x2  
  42  4:31  Lair  
  42  4:37  Drone  
  42  4:38  Roach x2  
  47  4:42  Roach  
  49  4:51  Roach  
  49  4:52  Roach x2  
  55  4:57  Drone x2  
  55  4:58  Drone  
  58  5:02  Drone x2  
  58  5:04  Drone  
  61  5:10  Queen  
  61  5:13  Ravager x2  
  65  5:20  Drone  
  66  5:22  Extractor  
  66  5:25  Ravager  
  66  5:27  Drone x2, Overlord  
  68  5:47  Roach x4  
  76  6:07  Nydus Network  
  76  6:08  Overlord  
  75  6:12  Overlord  
  75  6:26  Queen x2  
  75  6:30  Spore Crawler  
  75  6:31  Spore Crawler  
  77  6:35  Roach x5  
  77  6:38  Drone x2  
  89  6:50  Nydus Canal  
  89  7:00  Spore Crawler x3  
  86  7:01  Queen  
  86  7:02  Spore Crawler  
  71  7:45  Queen x2  
  71  7:46  Drone x2  
  71  7:47  Drone x4  
  65  8:02  Drone  
  54  8:21  Queen x2  
  54  8:22  Roach x5  
  68  8:28  Hatchery  
  68  8:31  Hydralisk Den  
  66  8:41  Drone x5  
  68  8:42  Drone  
  72  8:55  Roach x3  
  72  8:56  Queen  
  72  8:57  Queen  
  75  9:05  Hydralisk  
  75  9:06  Hydralisk x4  
  78  9:27  Hydralisk  
  78  9:28  Hydralisk  
  78  9:30  Overlord  
  78  9:31  Overlord x2  
  76  9:32  Queen  
  76  9:34  Queen  
  74  9:42  Nydus Canal  
  72  9:46  Roach  
  72  9:47  Overlord, Roach  
  75  10:01  Drone x2  
  77  10:09  Queen  
  77  10:12  Grooved Spines  
  80  10:14  Drone  
  80  10:16  Extractor  
  79  10:25  Drone  
  79  10:26  Drone x5  
  85  10:30  Hydralisk  
  85  10:34  Hydralisk  
  89  10:54  Hydralisk  
  73  11:20  Hydralisk  
  73  11:21  Hydralisk x3  
  73  11:24  Muscular Augments  
  71  11:40  Overlord  
  65  11:58  Hatchery, Queen  
  62  12:09  Hydralisk  
  62  12:10  Hydralisk x3  
  62  12:11  Overlord x2  
  62  12:12  Overlord  
  70  12:16  Hatchery  
  69  12:31  Hydralisk x3  
  75  12:38  Queen  
  78  12:45  Hydralisk  
  79  13:00  Hydralisk  
  81  13:12  Drone, Hydralisk x3  
  88  13:21  Extractor  
  88  13:22  Hydralisk  
  89  13:27  Queen  
  85  13:46  Overlord x2  
  85  14:03  Hatchery, Queen  
  85  14:05  Overlord x3  
  86  14:18  Hydralisk  
  86  14:19  Hydralisk  
  86  14:24  Hatchery  
  89  14:29  Queen  
  91  14:40  Hydralisk x2  
  95  15:04  Hydralisk x2  
  95  15:06  Extractor  
  98  15:10  Glial Reconstitution  
  98  15:17  Queen  
  100  15:33  Hydralisk  
  100  15:34  Hydralisk x2  
  104  15:54  Hatchery  
  103  16:08  Hydralisk x2  
  107  16:17  Nydus Canal  
  107  16:34  Queen  
Show
View Real Time Build Order
Export as new Build Order

Aiuranian Protoss - Winner!

Build Orders: Double Forge 

Get SALT Encoding   

  12  0:01  Probe  
  13  0:13  Probe  
  14  0:25  Pylon, Probe  
  15  0:43  Probe  
  15  0:46  Forge  
  16  0:55  Probe  
  17  0:57  Forge  
  17  1:01  Gateway  
  17  1:07  Pylon  
  17  1:11  Probe  
  18  1:28  Pylon  
  18  1:43  Photon Cannon  
  18  1:46  Pylon x2  
  17  1:56  Nexus  
  17  2:01  Assimilator  
  17  2:05  Probe (Chrono Boost)  
  18  2:13  Pylon  
  18  2:16  Probe (Chrono Boost)  
  19  2:23  Probe  
  20  2:34  Cybernetics Core  
  20  2:41  Probe (Chrono Boost)  
  21  2:49  Assimilator  
  21  2:56  Photon Cannon  
  22  3:00  Photon Cannon  
  22  3:04  Probe  
  22  3:11  Probe  
  23  3:16  Pylon  
  23  3:27  Photon Cannon  
  23  3:31  Probe  
  24  3:36  Probe  
  25  3:49  Stargate  
  25  3:51  Stargate  
  25  3:55  Photon Cannon  
  25  4:01  Probe x2 (Chrono Boost)  
  29  4:10  Probe (Chrono Boost)  
  29  4:14  Stalker  
  29  4:15  Probe (Chrono Boost)  
  30  4:18  Probe  
  32  4:27  Probe  
  32  4:28  Shield Battery  
  33  4:31  Void Ray (Chrono Boost)  
  37  4:47  Assimilator  
  37  4:49  Probe  
  38  4:53  Probe, Assimilator  
  38  4:56  Void Ray (Chrono Boost)  
  39  5:02  Probe  
  44  5:08  Void Ray (Chrono Boost)  
  44  5:14  Probe  
  49  5:27  Pylon  
  49  5:30  Probe x2  
  49  5:31  Pylon  
  51  5:38  Phoenix  
  51  5:42  Probe x2  
  55  5:48  Phoenix  
  57  5:54  Stargate  
  57  5:58  Probe x2 (Chrono Boost)  
  59  6:08  Probe x2 (Chrono Boost)  
  59  6:11  Phoenix  
  63  6:13  Probe (Chrono Boost)  
  64  6:31  Phoenix  
  66  6:36  Phoenix  
  66  6:39  Phoenix  
  70  6:44  Pylon  
  70  6:46  Pylon  
  70  7:02  Phoenix x2  
  70  7:04  Phoenix  
  57  7:32  Pylon  
  56  7:41  Void Ray  
  54  8:25  Nexus  
  54  8:27  Void Ray  
  54  8:31  Nexus  
  54  8:34  Pylon x2  
  54  8:36  Probe  
  56  8:48  Probe  
  56  9:00  Probe  
  57  9:04  Void Ray  
  55  9:57  Void Ray  
  55  9:58  Void Ray  
  55  10:04  Probe  
  55  10:06  Probe  
  65  10:09  Probe  
  66  10:16  Probe  
  66  10:18  Probe  
  68  10:21  Probe  
  69  10:29  Probe  
  69  10:30  Assimilator  
  69  10:31  Probe  
  69  10:32  Twilight Council  
  69  10:33  Probe  
  69  10:35  Void Ray, Assimilator  
  72  10:41  Probe  
  77  10:45  Probe  
  78  10:53  Probe  
  79  10:58  Probe  
  80  11:10  Probe  
  73  11:30  Void Ray (Chrono Boost)  
  81  11:40  Void Ray (Chrono Boost)  
  79  11:50  Stargate  
  67  12:06  Pylon  
  67  12:07  Pylon  
  67  12:08  Probe  
  67  12:10  Void Ray, Probe, Assimilator  
  67  12:13  Charge  
  69  12:20  Probe  
  69  12:21  Gateway  
  69  12:22  Probe  
  75  12:23  Gateway  
  75  12:25  Gateway  
  75  12:26  Gateway, Probe  
  75  12:28  Gateway  
  76  12:30  Pylon  
  76  12:33  Pylon  
  76  12:34  Probe  
  77  12:38  Pylon, Probe  
  78  12:46  Probe  
  78  12:50  Probe  
  80  12:54  Oracle  
  80  12:55  Oracle x2  
  80  12:58  Probe  
  90  13:03  Probe  
  91  13:07  Pylon  
  91  13:08  Pylon  
  91  13:32  Oracle x3  
  98  13:49  Zealot x5  
  108  14:09  Oracle  
  111  14:10  Oracle x2  
  111  14:12  Probe  
  111  14:16  Zealot x3  
  124  14:18  Pylon, Probe  
  124  14:19  Zealot  
  124  14:22  Zealot  
  129  14:25  Probe  
  129  14:30  Probe  
  131  14:37  Probe  
  132  14:43  Zealot x3  
  138  14:46  Oracle  
  138  14:47  Oracle  
  138  14:51  Oracle  
  147  15:23  Oracle  
  147  15:25  Oracle  
  153  15:29  Oracle  
  153  15:35  Pylon  
  156  15:40  Pylon  
  156  15:42  Pylon  
  154  15:44  Pylon  
  130  16:00  Oracle (Chrono Boost)  
  130  16:02  Oracle (Chrono Boost)  
  136  16:06  Oracle (Chrono Boost)  
  139  16:12  Zealot x5  
  149  16:33  Oracle x2 (Chrono Boost)  
  149  16:39  Zealot x4  
  165  16:40  Zealot  
  150  17:06  Zealot x2  
Tags
 
Add a new tag
Caveats
  • Supply blocks, unpowered buildings, or Contaminate may cause inaccurate times.
  • Supply counts are checked every 10 seconds.